 Dungeon Sprint DCSS version 0.30-a0-738-g116ff8c4af (webtiles) character file.

Game seed: 13838231465177619090

6227 BigDaddyOpFi the End of an Era (level 10, -1/91 HPs)
             Began as a Demonspawn Fighter on Feb 3, 2023.
             Was the Champion of Qazlal.
             Slain by a vampire knight
             ... wielding a +0 great sword
              (30 damage)
             ... in the Dungeon (Sprint VII: "The Pits").
             The game lasted 00:02:26 (2037 turns).

BigDaddyOpFi the End of an Era (Demonspawn Fighter) Turns: 2037, Time: 00:02:27

Health: -1/91      AC: 24    Str: 20    XL:     10   Next: 61%
Magic:  9/23       EV:  9    Int: 10    God:    Qazlal [******]
Gold:   0          SH: 14    Dex: 13    Spells: 9/9 levels left

rFire   . . .      SeeInvis .    q - +2 war axe (freeze)
rCold   . . .      Faith    .    c - +0 buckler
rNeg    . . .      Spirit   .    l - +2 plate armour
rPois   .          Reflect  .    (helmet restricted)
rElec   .          Harm     .    p - +0 cloak
rCorr   .          Rampage  .    o - +0 pair of gloves
Will    .....      NoTele   +    (no boots) Stlth
                                 (no amulet)
HPRegen 0.35/turn                b - +3 ring of protection
MPRegen 0.18/turn                d - +3 ring of evasion

@: repel missiles
A: antennae 2, rugged brown scales 2, demonic magic 1
a: Renounce Religion, Upheaval, Elemental Force, Disaster Area


You were in the Dungeon.
You worshipped Qazlal.
Qazlal was exalted by your worship.
You visited 1 branch

Inventory:

Hand Weapons
 q - a +2 war axe of freezing (weapon)
Armour
 c - a +0 buckler (worn)
 l - a +2 plate armour (worn)
 o - a +0 pair of gloves (worn)
 p - a +0 cloak (worn)
Jewellery
 b - a +3 ring of protection (left hand)
 d - a +3 ring of evasion (right hand)
Scrolls
 j - a scroll of blinking
Potions
 e - 10 potions of curing
 f - 8 potions of heal wounds
 g - 2 potions of haste
 h - 4 potions of magic
 i - 4 potions of berserk rage
 k - 2 potions of invisibility
 m - a potion of might


   Skills:
 + Level 11.0 Fighting
 + Level 10.1 Axes
 + Level 10.3 Armour
 + Level 10.1 Shields
 * Level 18.8 Invocations


You had 9 spell levels left.
You didn't know any spells.
Your spell library was empty.

Dungeon Overview and Level Annotations

Branches:
Dungeon (1/1)

Altars:
Ashenzari
Cheibriados
Dithmenos
Fedhas
Gozag
Hepliaklqana
Kikubaaqudgha
Makhleb
Nemelex Xobeh
Okawaru
Qazlal
Ru
Sif Muna
Trog
Uskayaw
Vehumet
Wu Jian
Xom
Yredelemnul
Jiyva
Lugonu


Innate Abilities, Weirdness & Mutations

You have a pair of antennae on your head.
You are mostly covered in rugged brown scales. (AC +2, +5% HP)
Spells you cast may paralyse adjacent enemies.


Message History

The soul eater hits you but does no damage.
Something hits you but does no damage. Something bites you.
Something draws strength from your injuries!
The soul eater hits you! Something hits you but does no damage.
Something bites you!
Something draws strength from your injuries!
You can move again.
Unknown command.
Activating: Disaster Area (0% risk of failure)
Press: ? - help, Dir - look around, f - activate Nature churns violently around you!
The blast of rubble hits the water moccasin!!!
You kill the water moccasin!
Qazlal accepts your kill.
The blast of rubble hits the orc sorcerer!!
You kill the orc sorcerer!
Qazlal accepts your kill.
The soul eater disappears in a puff of smoke!
The blast of rubble hits the orc priest!!!
You kill the orc priest!
Qazlal accepts your kill.
You hear a shout!
Something hits you!!
* * * LOW HITPOINT WARNING * * *
Something bites you.
* * * LOW HITPOINT WARNING * * *
Something draws strength from your injuries!
Your Fighting skill increases to level 11!
Your Axes skill increases to level 10!
You feel much better.
A redback comes into view.
Something hits you! Something bites you but does no damage.
You feel much better.
An orc comes into view. It is wielding a +0 whip.
Something hits you! Something bites you!
Something draws strength from your injuries!
You hit something but do no damage.
You hear a shout!
Something hits you!!
You die...

......##..##))......
......##''#≈.≈#.÷#...#
########...≈≈).).....+
########''#.≈≈#§.#...
.#...[##..##.≈..)... #.
.#....##.)†###....###)†.
.'..))##.≈...##≈o##...≈)
.#..[)###.....'§≈'≈(s).#
.#..))# ###...'☼@{†.≈#
####### ############


You could see a redback and an orc.

Vanquished Creatures
  An orc high priest (D)
  A sixfirhy (D)
  A deep troll (D)
  Pikel (D)
  2 deep elf zephyrmancers (D)
  2 orc sorcerers (D)
  A large abomination (D)
  A black mamba (D)
  A smoke demon (D)
  A flying skull (D)
  A ynoxinul (D)
  A basilisk (D)
  A water moccasin (D)
  A floating eye (D)
  3 orc warriors (D)
  A swamp drake (D)
  An ice beast (D)
  An ogre (D)
  A centaur (D)
  A lemure (D)
  A kobold brigand (D)
  2 quasits (D)
  An orc priest (D)
  A jelly (D)
  Terence (D)
  An orc wizard (D)
  A gnoll (D)
  An adder (D)
  2 white imps (D)
  An ufetubus (D)
  A worm (D)
  An adder simulacrum (D)
  9 orcs (D)
  A ball python (D)
  A bat (D)
  A giant cockroach (D)
  2 goblins (D)
  A hobgoblin (D)
  3 jackals (D)
  2 quokkas (D)
58 creatures vanquished.

Notes
Turn   | Place    | Note
-------+----------+-------------------------------------------
     0 | D        | BigDaddyOpFi the Demonspawn Fighter began the quest for the
                  | Orb.
     0 | D        | Reached XP level 1. HP: 18/18 MP: 1/1
    21 | D        | Found a bloodstained altar of Trog.
    21 | D        | Found a shimmering blue altar of Sif Muna.
    21 | D        | Found a viscous altar of Jiyva.
    21 | D        | Found a hazy altar of Hepliaklqana.
    21 | D        | Found an opulent altar of Gozag.
    22 | D        | Found a basalt altar of Yredelemnul.
    22 | D        | Found a shimmering altar of Xom.
    22 | D        | Found an ornate altar of the Wu Jian Council.
    22 | D        | Found a sacrificial altar of Ru.
    22 | D        | Found a stormy altar of Qazlal.
    22 | D        | Found an iron altar of Okawaru.
    22 | D        | Found a sparkling altar of Nemelex Xobeh.
    22 | D        | Found a burning altar of Makhleb.
    22 | D        | Found a blossoming altar of Fedhas.
    22 | D        | Found a shadowy altar of Dithmenos.
    22 | D        | Found a snail-covered altar of Cheibriados.
    23 | D        | Found a radiant altar of Vehumet.
    23 | D        | Found a corrupted altar of Lugonu.
    24 | D        | Found an ancient bone altar of Kikubaaqudgha.
    24 | D        | Found a hide-covered altar of Uskayaw.
    24 | D        | Found a broken altar of Ashenzari.
    27 | D        | Became a worshipper of Qazlal Stormbringer
    61 | D        | Reached skill level 1 in Invocations
    63 | D        | Noticed a floating eye
    68 | D        | Reached * piety under Qazlal
    71 | D        | Paralysed by a floating eye for 4 turns
    75 | D        | Killed a floating eye
    76 | D        | Reached skill level 6 in Invocations
    76 | D        | Gained mutation: You are partially covered in rugged brown
                  | scales. (AC +1, +3% HP) [demonic ancestry]
    76 | D        | Reached XP level 2. HP: 12/26 MP: 3/6
    76 | D        | Reached XP level 3. HP: 15/31 MP: 3/7
    76 | D        | Reached XP level 4. HP: 19/39 MP: 3/8
   376 | D        | Reached ** piety under Qazlal
   384 | D        | Reached *** piety under Qazlal
   451 | D        | Noticed a lemure
   451 | D        | Noticed a lemure
   451 | D        | Noticed a lemure
   451 | D        | Noticed an orc warrior
   452 | D        | Noticed Pikel
   452 | D        | Noticed a lemure
   463 | D        | Killed a lemure
   476 | D        | Killed Pikel
   477 | D        | Reached skill level 11 in Invocations
   477 | D        | Gained mutation: Spells you cast may paralyse adjacent
                  | enemies. [demonic ancestry]
   477 | D        | Reached XP level 5. HP: 41/48 MP: 10/13
   477 | D        | Reached XP level 6. HP: 46/54 MP: 10/14
   477 | D        | Gained mutation: You have a pair of small antennae on your
                  | head. [demonic ancestry]
   477 | D        | Reached XP level 7. HP: 51/60 MP: 10/15
   481 | D        | Reached **** piety under Qazlal
   488 | D        | Reached skill level 12 in Invocations
   490 | D        | Reached ***** piety under Qazlal
   806 | D        | Noticed a deep elf zephyrmancer
   823 | D        | Killed a deep elf zephyrmancer
   824 | D        | Reached skill level 13 in Invocations
   824 | D        | Gained mutation: You are mostly covered in rugged brown
                  | scales. (AC +2, +5% HP) [demonic ancestry]
   824 | D        | Reached XP level 8. HP: 54/71 MP: 16/18
   879 | D        | Noticed Terence
   892 | D        | Killed Terence
  1058 | D        | Noticed a deep troll
  1059 | D        | Killed a deep troll
  1060 | D        | Reached skill level 14 in Invocations
  1537 | D        | Noticed a smoke demon
  1543 | D        | Gained mutation: You have a pair of antennae on your head.
                  | [demonic ancestry]
  1543 | D        | Reached XP level 9. HP: 75/78 MP: 20/20
  1551 | D        | Killed a smoke demon
  1552 | D        | Reached skill level 15 in Invocations
  1695 | D        | Noticed a deep elf zephyrmancer
  1699 | D        | Noticed an orc high priest
  1702 | D        | Reached ****** piety under Qazlal
  1702 | D        | Killed a deep elf zephyrmancer
  1702 | D        | Noticed a sixfirhy
  1703 | D        | Reached skill level 16 in Invocations
  1704 | D        | Noticed an orc sorcerer
  1705 | D        | Killed a sixfirhy
  1706 | D        | Reached skill level 10 in Fighting
  1706 | D        | Reached skill level 17 in Invocations
  1706 | D        | Killed an orc high priest
  1706 | D        | Killed an orc sorcerer
  1707 | D        | Reached XP level 10. HP: 73/90 MP: 4/22
  1925 | D        | Noticed a large abomination
  1928 | D        | Reached skill level 18 in Invocations
  1935 | D        | Killed a large abomination
  1936 | D        | Reached skill level 10 in Armour
  2025 | D        | Noticed a black mamba
  2025 | D        | Noticed a vampire knight
  2026 | D        | Noticed an orc sorcerer
  2027 | D        | Killed a black mamba
  2028 | D        | Reached skill level 10 in Shields
  2029 | D        | Noticed a soul eater
  2031 | D        | Paralysed by something for 3 turns
  2034 | D        | Killed an orc sorcerer
  2035 | D        | Reached skill level 10 in Axes
  2037 | D        | Slain by a vampire knight

Illustrated notes

Levels and vault maps discovered:
D:        pitsprint [storerooms_1, entrance_room_1, metal_vault_4, armoury_2,
          mini_pit_1, grid_room_1, main_hall_1, silver_pit, the_coven_1,
          the_vestibule_1, steel_vault_1, golden_pit, hallway_of_sentries,
          crystal_vault_3, iron_vault_1, final_vault]

Skill      XL: |  1  2  3  4  5  6  7  8  9 10 |
---------------+-------------------------------+-----
Axes           | 3 6 7 9 10 | 10.1
Armour         | 4 6 7 8 9 10 | 10.3
Shields        | 4 6 7 8 9 10 | 10.1
Invocations    | 6 11 13 14 17 18 | 18.8
Fighting       | 4 6 8 10 11 | 11.0

Action                     |  1- 3 |  4- 6 |  7- 9 | 10-12 || total
---------------------------+-------+-------+-------+-------++-------
  Melee: War axe           |    21 |    31 |    95 |    15 ||   162
 Invoke: Disaster Area     |       |       |     3 |     3 ||     6
    Use: Potion            |       |     3 |     1 |     2 ||     6
 Armour: Scale mail        |    22 |     4 |       |       ||    26
         Plate armour      |       |     6 |    80 |    10 ||    96
  Dodge: Dodged            |    14 |    10 |    32 |       ||    56
  Block: Buckler           |     8 |    15 |    61 |     6 ||    90

Table legend: (Time is in decaauts)
 A = Elapsed time spent in this place.
 B = Non-inter-level travel time spent in this place.
 C = Inter-level travel time spent in this place.
 D = Time resting spent in this place.
 E = Time spent auto-exploring this place.
 F = Levels seen in this place.
 G = Mean time per level.
                   A        B        C        D        E       F      G
               +--------+--------+--------+--------+--------+-----+--------+
         Total |   2083 |   2016 |     67 |   1565 |      0 |   1 | 2083.0 |
       Dungeon |   2083 |   2016 |     67 |   1565 |      0 |   1 | 2083.0 |
               +--------+--------+--------+--------+--------+-----+--------+

Top non-repeatable levels by time:
       D: 2083 daAuts
